[Event "Austria Championship Blitz 2024"]
[Site "Innsbruck"]
[Date "2024.06.01"]
[Round "7.2"]
[White "Horvath, Dominik"]
[Black "Shengelia, David"]
[Result "1-0"]
[ECO "B30"]
[WhiteElo "2554"]
[BlackElo "2465"]
[Annotator "TA"]
[PlyCount "81"]
[EventDate "2024.06.01"]
[EventType "swiss"]
[EventCountry "AUT"]
[SourceTitle "playchess.com"]
[Source "ChessBase"]
[SourceQuality "1"]
[TimeControl "180+2"]

1. e4 c5 2. Nf3 Nc6 3. Bb5 e6 4. O-O Nd4 5. Nxd4 cxd4 6. c3 a6 7. Be2 Bc5 8. b4 {[%emt 0:00:01] White is slightly better.} Ba7 9. Na3 Ne7 10. Nc2 d5 11. exd5 Nxd5 12. Bb2 O-O 13. cxd4 Bd7 14. Bf3 ({White should play} 14. a4 $11) 14... Ba4 $15 {[%emt 0:00:04] aiming for ...Rc8.} 15. Qb1 Rc8 (15... Rb8 $5) 16. Ne3 Nxb4 17. Ba3 a5 18. Bxb4 axb4 19. Qxb4 Qxd4 20. Rab1 (20. Qxd4 {simplifies} Bxd4 21. Bxb7 Rc5 22. Rfc1) 20... Bc6 21. Bxc6 (21. Qxd4 {simplifies} Bxd4 22. Bxc6 bxc6 23. a3) 21... bxc6 22. Rfc1 Qxb4 23. Rxb4 Rfd8 24. Rb7 Bd4 25. g3 c5 26. Rc2 g6 27. a4 Ra8 28. Ra2 Ra5 (28... Bxe3 $1 $11 {keeps the balance.} 29. dxe3 Rdc8) 29. Nc4 $16 Ra6 30. a5 Bf6 31. Rb6 Raa8 {[%emt 0:00:04][%mdl 8192] Black cannot hold the game after this.} (31... Rda8 $16 {is a better defense.} 32. Ra3 g5 33. Rxa6 Rxa6) 32. a6 $18 Rd4 {[%emt 0:00:01] [#]} (32... Ra7 $142 33. Na5 Re8) 33. a7 $1 Rxa7 34. Rxa7 Rxc4 {[%emt 0:00:01][%mdl 4096] Endgame. KRR-KRB} 35. Rb8+ Kg7 36. Rbb7 Bd4 $2 (36... g5 37. Rxf7+ Kg6) 37. Rxf7+ Kh6 38. h4 {[%emt 0:00:03][%csl Ga7][%cal Rf7h7] [#]} Kh5 39. Kg2 {[%emt 0:00:08][%cal Og2h3] White threatens Kh3! and mate.} h6 40. Kh3 Be5 41. f3 {[%emt 0:00:02] Weighted Error Value: White=0.14 (very precise) /Black=0.47.  Loses game:     	---       	Black=1      Mistake:       	White=1     	Black=3      Inaccurate:     	White=2     	Black=2      OK:         	White=10    	Black=10     Best:        	White=5     	Black=2} (41. f4 $142 Rxf4 42. Rxf4 g5 43. g4+ Kg6 44. h5#) 1-0

[Event "Austria Championship Blitz 2024"]
[Site "Innsbruck"]
[Date "2024.06.01"]
[Round "7.3"]
[White "Kruckenhauser, Arthur"]
[Black "Lerch, Johannes"]
[Result "1/2-1/2"]
[ECO "A46"]
[WhiteElo "2340"]
[BlackElo "2208"]
[Annotator "RC"]
[PlyCount "61"]
[EventDate "2024.06.01"]
[EventType "swiss"]
[EventCountry "AUT"]
[SourceTitle "playchess.com"]
[Source "ChessBase"]
[SourceQuality "1"]
[TimeControl "180+2"]

1. d4 Nf6 2. Nf3 d6 3. Nc3 d5 4. Bf4 a6 5. e3 Bf5 6. Bd3 Bxd3 7. Qxd3 Nbd7 8. e4 dxe4 9. Nxe4 e6 10. O-O Be7 11. c4 O-O 12. Rad1 Nxe4 13. Qxe4 c6 14. b3 Nf6 15. Qc2 Qa5 16. Rfe1 Bb4 17. Re5 Qd8 18. Rg5 Re8 19. Be5 Bf8 20. Qd2 Nd7 21. Bg3 Be7 22. Rh5 Nf6 23. Re5 Bd6 24. Ree1 Bxg3 25. hxg3 Qc7 26. Qe3 Rad8 27. Rd2 Rd7 28. Ne5 Rdd8 29. Nf3 Rd7 30. Ne5 Rdd8 31. Nf3 1/2-1/2

[Event "Austria Championship Blitz 2024"]
[Site "Innsbruck"]
[Date "2024.06.01"]
[Round "7.4"]
[White "Balint, Peter"]
[Black "Blohberger, Felix"]
[Result "1/2-1/2"]
[ECO "C48"]
[WhiteElo "2343"]
[BlackElo "2506"]
[Annotator "RC"]
[PlyCount "183"]
[EventDate "2024.06.01"]
[EventType "swiss"]
[EventCountry "AUT"]
[SourceTitle "playchess.com"]
[Source "ChessBase"]
[SourceQuality "1"]
[TimeControl "180+2"]

1. e4 e5 2. Nf3 Nc6 3. Bb5 Nf6 4. Nc3 Bd6 5. d3 O-O 6. Ne2 Re8 7. Ng3 a6 8. Ba4 b5 9. Bb3 Na5 10. O-O Nxb3 11. axb3 Bf8 12. c4 Rb8 13. Qe2 d6 14. h3 h6 15. Rd1 c5 16. Nf1 g6 17. Ne3 Bg7 18. Nd5 Nxd5 19. cxd5 f5 20. Bd2 b4 21. Nh2 f4 22. f3 h5 23. Be1 Bf6 24. Qf2 a5 25. Kf1 Bd7 26. Ke2 Ra8 27. Nf1 a4 28. bxa4 Bxa4 29. Rdc1 Ra6 30. Nd2 Qd7 31. Nc4 Rea8 32. Kf1 Bc2 33. Nb6 Bxd3+ 34. Kg1 Qb7 35. Nxa8 Qxa8 36. Rxa6 Qxa6 37. Qd2 g5 38. g3 fxg3 39. Bxg3 h4 40. Bf2 Be2 41. Kg2 Kf7 42. Be3 Qd3 43. Qxd3 Bxd3 44. Kf2 Be7 45. Bd2 Bb5 46. Ra1 Bd7 47. Ra7 Ke8 48. Ra8+ Kf7 49. Rb8 Bxh3 50. Rb7 Ke8 51. Be3 Bd7 52. Bd2 Kd8 53. Ra7 Ke8 54. Ra8+ Kf7 55. Rh8 Kg7 56. Rb8 Kf7 57. Rb7 Ke8 58. Ra7 g4 59. fxg4 Bxg4 60. Ra8+ Kf7 61. Ra7 Kf6 62. Kg2 h3+ 63. Kg3 h2 64. Ra1 Be2 65. Rh1 Bd3 66. Kf3 Kf7 67. Rxh2 Bb1 68. Ke3 Bg5+ 69. Kf3 Be7 70. Rh1 Bc2 71. Rc1 Bd3 72. Ra1 Bc2 73. Ra7 Ke8 74. Ra1 Bd3 75. Re1 Kf7 76. Kg4 Bb5 77. Kg3 Bd3 78. Re3 Bc2 79. Re1 Bd3 80. Kf3 Bc2 81. Rc1 Bd3 82. Ra1 Bc2 83. Ra6 Bd3 84. Rb6 Bc2 85. Be1 Bd1+ 86. Ke3 Bc2 87. Rb7 Ke8 88. Bg3 Bg5+ 89. Kf3 Bd1+ 90. Kf2 Bc2 91. Kf3 Bd1+ 92. Kf2 1/2-1/2

[Event "Austria Championship Blitz 2024"]
[Site "Innsbruck"]
[Date "2024.06.01"]
[Round "7.5"]
[White "Hengl, Philip"]
[Black "Wohlfahrt, Herbert"]
[Result "0-1"]
[ECO "B62"]
[WhiteElo "2173"]
[BlackElo "2328"]
[Annotator "RC"]
[PlyCount "106"]
[EventDate "2024.06.01"]
[EventType "swiss"]
[EventCountry "AUT"]
[SourceTitle "playchess.com"]
[Source "ChessBase"]
[SourceQuality "1"]
[TimeControl "180+2"]

1. e4 c5 2. Nc3 Nc6 3. Nf3 d6 4. d4 cxd4 5. Nxd4 Nf6 6. Bg5 e6 7. Qd3 Be7 8. O-O-O a6 9. Kb1 Nxd4 10. Qxd4 Qa5 11. Bc1 e5 12. Qe3 Be6 13. f3 Rc8 14. a3 b5 15. Bd2 Qc7 16. Rc1 O-O 17. g4 Nd7 18. h4 Nb6 19. Na2 d5 20. Ba5 d4 21. Qd2 Nc4 22. Bxc4 Qxc4 23. b3 Qc6 24. Nb4 Qb7 25. Kb2 Rc3 26. Nd3 Rc6 27. g5 Rfc8 28. h5 Bf8 29. g6 fxg6 30. hxg6 h6 31. Nxe5 Rc3 32. Qxd4 R3c5 33. f4 Re8 34. Nd3 Rcc8 35. f5 Bd7 36. Rce1 Bc6 37. f6 gxf6 38. g7 Bxg7 39. Rhg1 Kh8 40. Bc3 Qf7 41. Nf4 Rcd8 42. Qc5 Bxe4 43. Nh5 Rd5 44. Qe3 Rxh5 45. Qf4 Rg5 46. Rxe4 Rxg1 47. Rxe8+ Qxe8 48. Bxf6 Bxf6+ 49. Qxf6+ Rg7 50. Qxh6+ Kg8 51. Qxa6 Qe5+ 52. Ka2 Rg3 53. Qxb5 Qxb5 0-1

[Event "Austria Championship Blitz 2024"]
[Site "Innsbruck"]
[Date "2024.06.01"]
[Round "7.6"]
[White "Kienboeck, Benjamin"]
[Black "Kilgus, Georg"]
[Result "1-0"]
[ECO "C70"]
[WhiteElo "2187"]
[BlackElo "2362"]
[Annotator "RC"]
[PlyCount "80"]
[EventDate "2024.06.01"]
[EventType "swiss"]
[EventCountry "AUT"]
[SourceTitle "playchess.com"]
[Source "ChessBase"]
[SourceQuality "1"]
[TimeControl "180+2"]

1. e4 e5 2. Nf3 Nc6 3. Bb5 a6 4. Ba4 g6 5. d4 exd4 6. Nxd4 Bg7 7. Be3 Nf6 8. f3 O-O 9. Nc3 Ne5 10. Nde2 Nc4 11. Qc1 d5 12. Bg5 dxe4 13. Nxe4 Bf5 14. N2g3 Bxe4 15. Nxe4 Qd4 16. c3 Qb6 17. Bxf6 Bxf6 18. Bb3 Ne5 19. Nxf6+ Qxf6 20. O-O Rad8 21. Qc2 Rd6 22. Rad1 Rfd8 23. Kh1 b5 24. a4 Kg7 25. axb5 axb5 26. Rxd6 Rxd6 27. Rd1 c5 28. Bd5 c4 29. Be4 h5 30. Kg1 Qd8 31. Rxd6 Qxd6 32. Kf1 f5 33. Bb7 Qb6 34. Qe2 Nd3 35. Qe7+ Kh6 36. Qf8+ Kg5 37. Qe7+ Kh6 38. Qf8+ Kg5 39. Qe7+ Kh6 40. Qf8+ Kg5 1-0

[Event "Austria Championship Blitz 2024"]
[Site "Innsbruck"]
[Date "2024.06.01"]
[Round "7.7"]
[White "Schnegg, Daniel"]
[Black "Gschiel, Alexander"]
[Result "1-0"]
[ECO "A02"]
[WhiteElo "2115"]
[BlackElo "2355"]
[Annotator "RC"]
[PlyCount "98"]
[EventDate "2024.06.01"]
[EventType "swiss"]
[EventCountry "AUT"]
[SourceTitle "playchess.com"]
[Source "ChessBase"]
[SourceQuality "1"]
[TimeControl "180+2"]

1. f4 Nh6 2. b3 d6 3. e3 e5 4. Nf3 Bg4 5. Be2 exf4 6. exf4 Be7 7. Bb2 Bf6 8. Nc3 O-O 9. O-O Nc6 10. h3 Bxf3 11. Bxf3 Nf5 12. Qc1 Nfd4 13. Nd5 Nxf3+ 14. Rxf3 Bd4+ 15. Kh1 Re8 16. Rd3 Bxb2 17. Qxb2 Qh4 18. Nxc7 Re1+ 19. Rxe1 Qxe1+ 20. Kh2 Rc8 21. Rg3 f6 22. Nd5 Kf7 23. Qc3 Re8 24. Qc4 Kf8 25. Qd3 Qe4 26. Re3 Qxd3 27. Rxd3 Re2 28. Nc3 Re1 29. Rxd6 Ke7 30. Rd3 Ke6 31. Re3+ Rxe3 32. dxe3 Nb4 33. Nb5 Nxc2 34. e4 a6 35. Nc3 b5 36. Kg3 Nd4 37. Kf2 f5 38. e5 h6 39. Ke3 Nc6 40. a4 b4 41. Ne2 Kd5 42. Kd3 g5 43. g3 Nd8 44. Nd4 Nb7 45. Nxf5 Nc5+ 46. Kc2 gxf4 47. gxf4 Ke4 48. Ng7 Kxf4 49. e6 Kg3 1-0

[Event "Austria Championship Blitz 2024"]
[Site "Innsbruck"]
[Date "2024.06.01"]
[Round "7.8"]
[White "Vrban, Damir"]
[Black "Binder, Moriz"]
[Result "0-1"]
[ECO "C38"]
[WhiteElo "2151"]
[BlackElo "2210"]
[Annotator "RC"]
[PlyCount "37"]
[EventDate "2024.06.01"]
[EventType "swiss"]
[EventCountry "AUT"]
[SourceTitle "playchess.com"]
[Source "ChessBase"]
[SourceQuality "1"]
[TimeControl "180+2"]

1. e4 e5 2. f4 exf4 3. Bc4 Nc6 4. Nf3 g5 5. d4 Bg7 6. c3 d6 7. O-O h6 8. g3 Bh3 9. Rf2 Qd7 10. Nbd2 Nf6 11. d5 Ne5 12. Nxe5 dxe5 13. Be2 O-O 14. Qc2 Rfe8 15. Qd3 Bg4 16. Nf3 Bf8 17. b4 a5 18. Bd2 c6 19. dxc6 0-1

[Event "Austria Championship Blitz 2024"]
[Site "Innsbruck"]
[Date "2024.06.01"]
[Round "7.9"]
[White "Blaas, Hansjoerg"]
[Black "Horvath, Reka"]
[Result "1-0"]
[ECO "B71"]
[WhiteElo "2222"]
[BlackElo "2009"]
[Annotator "RC"]
[PlyCount "85"]
[EventDate "2024.06.01"]
[EventType "swiss"]
[EventCountry "AUT"]
[SourceTitle "playchess.com"]
[Source "ChessBase"]
[SourceQuality "1"]
[TimeControl "180+2"]

1. e4 c5 2. Nf3 d6 3. d4 cxd4 4. Nxd4 Nf6 5. Nc3 g6 6. f4 Nc6 7. Nxc6 bxc6 8. e5 Ng4 9. Be2 Nh6 10. O-O Qb6+ 11. Kh1 Nf5 12. Bf3 Bd7 13. Ne4 d5 14. Nc3 Qd4 15. Qe2 Bh6 16. g3 Qb4 17. a3 Qb6 18. b4 Nd4 19. Qf2 Nxf3 20. Qxf3 O-O 21. Na4 Qa6 22. Nc5 Qc8 23. Bb2 Bg4 24. Qe3 Bh3 25. Rf2 a5 26. c3 axb4 27. cxb4 Rd8 28. Re1 Bf8 29. e6 Bxe6 30. Nxe6 Qxe6 31. Qxe6 fxe6 32. Rxe6 Kf7 33. Rxc6 d4 34. Rd2 Bg7 35. Rc4 e5 36. fxe5 Bxe5 37. Kg2 Re8 38. Bxd4 Rxa3 39. Rf2+ Kg7 40. Re2 Kf6 41. Rc6+ Kf5 42. Rc5 Ra2 43. Rxa2 1-0

[Event "Austria Championship Blitz 2024"]
[Site "Innsbruck"]
[Date "2024.06.01"]
[Round "7.10"]
[White "Mira, Helene"]
[Black "Myagmarsuren, Mandukhai"]
[Result "0-1"]
[ECO "D47"]
[WhiteElo "2047"]
[BlackElo "2092"]
[Annotator "RC"]
[PlyCount "46"]
[EventDate "2024.06.01"]
[EventType "swiss"]
[EventCountry "AUT"]
[SourceTitle "playchess.com"]
[Source "ChessBase"]
[SourceQuality "1"]
[TimeControl "180+2"]

1. d4 d5 2. c4 c6 3. Nf3 Nf6 4. Nc3 e6 5. e3 Nbd7 6. Bd3 dxc4 7. Bxc4 b5 8. Bd3 Bd6 9. e4 e5 10. d5 cxd5 11. Nxb5 Bb8 12. exd5 Nxd5 13. O-O Nc5 14. Bc4 Bb7 15. Re1 e4 16. Ng5 O-O 17. Nxe4 Nxe4 18. Rxe4 Nb6 19. Rd4 Qf6 20. Nd6 Bxd6 21. Rxd6 Rad8 22. Rxd8 Rxd8 23. Qc2 Nxc4 0-1

[Event "Austria Championship Blitz 2024"]
[Site "Innsbruck"]
[Date "2024.06.01"]
[Round "7.11"]
[White "Leonov, Leonid"]
[Black "Wetscher, Wolfgang"]
[Result "0-1"]
[ECO "B12"]
[WhiteElo "1739"]
[BlackElo "1937"]
[Annotator "RC"]
[PlyCount "147"]
[EventDate "2024.06.01"]
[EventType "swiss"]
[EventCountry "AUT"]
[SourceTitle "playchess.com"]
[Source "ChessBase"]
[SourceQuality "1"]
[TimeControl "180+2"]

1. d4 c6 2. e4 Qc7 3. Nc3 d6 4. f4 e5 5. Nf3 Nf6 6. Be2 Be7 7. O-O Nbd7 8. a4 O-O 9. fxe5 dxe5 10. d5 Bc5+ 11. Kh1 Ng4 12. Qe1 a5 13. Qh4 Ndf6 14. h3 Ne3 15. Bxe3 Bxe3 16. Ng5 Bxg5 17. Qxg5 Ne8 18. Rf2 f6 19. Qg3 Qe7 20. Bc4 Kh8 21. dxc6 bxc6 22. Qf3 Nd6 23. Bb3 Be6 24. Bxe6 Qxe6 25. Rd1 Rad8 26. Rfd2 Nf7 27. h4 Qe7 28. Ne2 Rxd2 29. Rxd2 Rd8 30. Rxd8+ Qxd8 31. Qd3 Kg8 32. Kg1 Kf8 33. Kf2 Ke7 34. Ng3 g6 35. Qa3+ Qd6 36. Qxd6+ Kxd6 37. Ke3 Kc5 38. c3 Nd6 39. h5 Nc4+ 40. Ke2 Nxb2 41. hxg6 hxg6 42. Nf1 Nxa4 43. Kd2 Nb6 44. Ne3 Nc4+ 45. Nxc4 Kxc4 46. g4 a4 47. Kc2 a3 48. Kb1 Kxc3 49. g5 fxg5 50. Ka2 Kd4 51. Kxa3 Kxe4 52. Kb4 Kf3 53. Kc4 g4 54. Kc5 g3 55. Kd6 g2 56. Ke6 g1=Q 57. Kf6 e4 58. Ke5 e3 59. Kd4 e2+ 60. Kd3 e1=N+ 61. Kc4 Qf1+ 62. Kc5 Nd3+ 63. Kd6 g5 64. Ke6 c5 65. Kf5 g4 66. Kg5 g3 67. Kh5 Qh3+ 68. Kg5 Qg4+ 69. Kf6 Qd4+ 70. Kg5 Qf4+ 71. Kh5 Qg4+ 72. Kh6 Kf4 73. Kh7 Kf5 74. Kh8 0-1

[Event "Austria Championship Blitz 2024"]
[Site "Innsbruck"]
[Date "2024.06.01"]
[Round "7.12"]
[White "Neuschmied, Siegfried"]
[Black "Cafasso, Elia"]
[Result "0-1"]
[ECO "C84"]
[WhiteElo "2234"]
[BlackElo "2178"]
[Annotator "RC"]
[PlyCount "104"]
[EventDate "2024.06.01"]
[EventType "swiss"]
[EventCountry "AUT"]
[SourceTitle "playchess.com"]
[Source "ChessBase"]
[SourceQuality "1"]
[TimeControl "180+2"]

1. e4 e5 2. Nf3 Nc6 3. Bb5 a6 4. Ba4 Nf6 5. d3 d6 6. c3 Be7 7. O-O O-O 8. Re1 b5 9. Bc2 Re8 10. Nbd2 Bf8 11. Nf1 Ne7 12. Ng3 Ng6 13. h3 c5 14. d4 cxd4 15. cxd4 Bd7 16. Bb3 h6 17. Be3 Rc8 18. Qd2 Bc6 19. d5 Bd7 20. Rac1 Rxc1 21. Rxc1 Qb8 22. Qa5 Rc8 23. Qxa6 Rxc1+ 24. Bxc1 Qc7 25. Be3 Nf4 26. Ne1 Be7 27. Qb6 Qc8 28. Qa5 N6h5 29. Qd2 Nxg3 30. fxg3 Nh5 31. Kh2 Nf6 32. Bc2 Qa6 33. a3 Bd8 34. Bd3 Ba5 35. Qe2 Qb7 36. Nc2 h5 37. Bg5 b4 38. Bxf6 gxf6 39. Qxh5 b3 40. Ne3 Qb6 41. Ng4 Qd8 42. Bc4 Ba4 43. Qf5 Bd2 44. Nxf6+ Kf8 45. h4 Bc1 46. h5 Qb6 47. Nd7+ Bxd7 48. Qxd7 Qe3 49. Qxd6+ Kg7 50. Qxe5+ f6 51. h6+ Qxh6+ 52. Kg1 fxe5 0-1

[Event "Austria Championship Blitz 2024"]
[Site "Innsbruck"]
[Date "2024.06.01"]
[Round "7.13"]
[White "Zanon, Magnus"]
[Black "Kummer, Helmut"]
[Result "1-0"]
[ECO "A45"]
[WhiteElo "2092"]
[BlackElo "2212"]
[Annotator "RC"]
[PlyCount "65"]
[EventDate "2024.06.01"]
[EventType "swiss"]
[EventCountry "AUT"]
[SourceTitle "playchess.com"]
[Source "ChessBase"]
[SourceQuality "1"]
[TimeControl "180+2"]

1. d4 Nf6 2. Bg5 c5 3. d5 d6 4. Nc3 Nbd7 5. e4 g6 6. Nf3 Bg7 7. Be2 O-O 8. O-O a6 9. a4 h6 10. Bf4 Ng4 11. h3 Nge5 12. Nxe5 Nxe5 13. Qd2 Kh7 14. Be3 f5 15. f4 Nf7 16. Bd3 fxe4 17. Bxe4 Bf5 18. Qd3 Qd7 19. Rae1 Rae8 20. g4 Bxe4 21. Qxe4 e6 22. Qf3 e5 23. f5 gxf5 24. gxf5 Bf6 25. Ne4 Qe7 26. Kh1 Rg8 27. Rg1 Rxg1+ 28. Rxg1 Rg8 29. Rxg8 Kxg8 30. Qh5 Bg5 31. Qg6+ Kf8 32. Bxg5 hxg5 33. f6 1-0

[Event "Austria Championship Blitz 2024"]
[Site "Innsbruck"]
[Date "2024.06.01"]
[Round "7.14"]
[White "Polterauer, Chiara"]
[Black "Teuschler, Barbara"]
[Result "1-0"]
[ECO "B45"]
[WhiteElo "2136"]
[BlackElo "2040"]
[Annotator "RC"]
[PlyCount "35"]
[EventDate "2024.06.01"]
[EventType "swiss"]
[EventCountry "AUT"]
[SourceTitle "playchess.com"]
[Source "ChessBase"]
[SourceQuality "1"]
[TimeControl "180+2"]

1. e4 c5 2. Nf3 e6 3. d4 cxd4 4. Nxd4 Nf6 5. Nc3 Nc6 6. Be2 Bb4 7. Nxc6 bxc6 8. e5 Ne4 9. Qd4 Nxc3 10. bxc3 Be7 11. O-O O-O 12. Qg4 Kh8 13. Bd3 f5 14. exf6 Bxf6 15. Qh5 g6 16. Bxg6 Qe7 17. Ba3 Kg7 18. Qxh7# 1-0

[Event "Austria Championship Blitz 2024"]
[Site "Innsbruck"]
[Date "2024.06.01"]
[Round "7.15"]
[White "Kranzl, Peter"]
[Black "Wimmer, Michael"]
[Result "1-0"]
[ECO "C44"]
[WhiteElo "2157"]
[BlackElo "2142"]
[Annotator "RC"]
[PlyCount "47"]
[EventDate "2024.06.01"]
[EventType "swiss"]
[EventCountry "AUT"]
[SourceTitle "playchess.com"]
[Source "ChessBase"]
[SourceQuality "1"]
[TimeControl "180+2"]

1. e4 e5 2. Nf3 Nc6 3. c3 Nf6 4. d4 exd4 5. e5 Ne4 6. Qe2 Nc5 7. cxd4 Ne6 8. Qe4 Qe7 9. Nc3 Nb4 10. a3 Na6 11. Bxa6 c5 12. Bc4 Nc7 13. Bg5 d5 14. exd6 Qxe4+ 15. Nxe4 Ne6 16. dxc5 Bd7 17. Be3 Rc8 18. b4 a6 19. O-O h6 20. Rfe1 f5 21. Ng3 g6 22. Nd4 Kf7 23. Nxe6 Bxe6 24. Bxe6+ 1-0

[Event "Austria Championship Blitz 2024"]
[Site "Innsbruck"]
[Date "2024.06.01"]
[Round "7.16"]
[White "Schwarz, Benedikt"]
[Black "Schnegg, Anna-Lena"]
[Result "1-0"]
[ECO "B06"]
[WhiteElo "1919"]
[BlackElo "2124"]
[Annotator "RC"]
[PlyCount "67"]
[EventDate "2024.06.01"]
[EventType "swiss"]
[EventCountry "AUT"]
[SourceTitle "playchess.com"]
[Source "ChessBase"]
[SourceQuality "1"]
[TimeControl "180+2"]

1. d4 g6 2. Bf4 Bg7 3. Nc3 d6 4. e4 Nd7 5. Nf3 e5 6. dxe5 dxe5 7. Be3 Ngf6 8. Qd2 O-O 9. O-O-O Qe7 10. Bh6 c6 11. Bxg7 Kxg7 12. h4 Nc5 13. Bd3 Bg4 14. Rdg1 Bxf3 15. gxf3 Nh5 16. Rg5 f6 17. Rgg1 Ne6 18. Ne2 Kh8 19. Ng3 Nef4 20. Be2 Rad8 21. Qe3 b6 22. Nxh5 Nxh5 23. Bc4 b5 24. Bb3 a5 25. a3 c5 26. c3 b4 27. Rd1 bxa3 28. bxa3 Rb8 29. Kc2 c4 30. Bxc4 Qxa3 31. Rb1 a4 32. Qa7 Qd6 33. Rhd1 Rxb1 34. Rxb1 1-0

[Event "Austria Championship Blitz 2024"]
[Site "Innsbruck"]
[Date "2024.06.01"]
[Round "7.17"]
[White "Gutmann, Alois"]
[Black "Casagrande, Harald"]
[Result "0-1"]
[ECO "C11"]
[WhiteElo "1985"]
[BlackElo "2290"]
[Annotator "RC"]
[PlyCount "62"]
[EventDate "2024.06.01"]
[EventType "swiss"]
[EventCountry "AUT"]
[SourceTitle "playchess.com"]
[Source "ChessBase"]
[SourceQuality "1"]
[TimeControl "180+2"]

1. Nc3 Nf6 2. e4 d5 3. e5 Nfd7 4. d4 e6 5. Nce2 c5 6. c3 Nc6 7. Nf3 Qb6 8. a3 a5 9. Rb1 a4 10. g3 Be7 11. Bh3 O-O 12. O-O Nd8 13. Nf4 cxd4 14. cxd4 Bxa3 15. Qd3 Be7 16. Be3 Nc6 17. Rfc1 Nb4 18. Qd2 Rd8 19. Nh5 g6 20. Nf4 Nf8 21. Nd3 Bd7 22. Bg5 Bxg5 23. Nxg5 Nxd3 24. Qxd3 Bb5 25. Qd2 Be8 26. Rc5 a3 27. b4 Rdc8 28. Rbc1 Rxc5 29. bxc5 Qb2 30. Qf4 a2 31. Qf6 Qxc1+ 0-1

[Event "Austria Championship Blitz 2024"]
[Site "Innsbruck"]
[Date "2024.06.01"]
[Round "7.18"]
[White "Khalakhan, Jurij"]
[Black "Kuzmanovic, Zeljko"]
[Result "0-1"]
[ECO "C41"]
[WhiteElo "2175"]
[BlackElo "1866"]
[Annotator "RC"]
[PlyCount "66"]
[EventDate "2024.06.01"]
[EventType "swiss"]
[EventCountry "AUT"]
[SourceTitle "playchess.com"]
[Source "ChessBase"]
[SourceQuality "1"]
[TimeControl "180+2"]

1. e4 Nf6 2. Nc3 d6 3. d4 Nbd7 4. Nf3 e5 5. Bc4 Be7 6. Bxf7+ Kxf7 7. Ng5+ Kg8 8. Ne6 Qe8 9. Nxc7 Qg6 10. Be3 Rb8 11. Qd3 exd4 12. Bxd4 Ne5 13. Qb5 Bd7 14. Qb3+ Qf7 15. N3d5 Nxd5 16. Nxd5 Be6 17. O-O-O Nc6 18. Bc3 b5 19. Kb1 b4 20. Be1 Bf6 21. f4 Nd4 22. Qe3 Bxd5 23. exd5 Re8 24. Qf2 Re2 25. Rxd4 Rxf2 26. Rxb4 Re2 27. Bg3 h5 28. f5 Qxd5 29. Rc1 Kh7 30. Bf4 Re7 31. h3 Rb7 32. Rxb7 Qxb7 33. g4 Qxb2# 0-1

[Event "Austria Championship Blitz 2024"]
[Site "Innsbruck"]
[Date "2024.06.01"]
[Round "7.19"]
[White "Tumanyan, Gor"]
[Black "Kondrak, Christoph"]
[Result "1-0"]
[ECO "B43"]
[WhiteElo "1992"]
[BlackElo "1972"]
[Annotator "RC"]
[PlyCount "111"]
[EventDate "2024.06.01"]
[EventType "swiss"]
[EventCountry "AUT"]
[SourceTitle "playchess.com"]
[Source "ChessBase"]
[SourceQuality "1"]
[TimeControl "180+2"]

1. e4 c5 2. Nf3 e6 3. d4 cxd4 4. Nxd4 a6 5. Nc3 b5 6. Be3 Bb7 7. f3 Qc7 8. a3 Nf6 9. Be2 Nc6 10. Qd2 Rc8 11. Rd1 Be7 12. O-O O-O 13. Kh1 Rfd8 14. f4 d5 15. e5 Nd7 16. Qe1 g6 17. Qg3 Na5 18. h4 Nc4 19. Bc1 Nxa3 20. h5 b4 21. hxg6 hxg6 22. Nxe6 Qb6 23. Nxd8 Rxd8 24. Nxd5 Bxd5 25. Rxd5 Nf8 26. Rxd8 Qxd8 27. Rd1 Qc7 28. bxa3 Qxc2 29. Qd3 Qc6 30. axb4 Bxb4 31. Bf3 Qe6 32. Ba3 Bxa3 33. Qxa3 Kg7 34. Qd6 Qf5 35. Qd4 Ne6 36. Qe4 Qxf4 37. Qxf4 Nxf4 38. Ra1 Nd3 39. Ra5 g5 40. Be2 Nf4 41. Bf1 Ng6 42. Bxa6 Kf8 43. Bd3 Nf4 44. Bf1 Ke7 45. g3 Ng6 46. Kg2 Ke6 47. Bc4+ Kf5 48. Bd3+ Ke6 49. Bxg6 fxg6 50. Ra6+ Kxe5 51. Rxg6 Kf5 52. Ra6 g4 53. Ra5+ Kf6 54. Kf2 Ke6 55. Ke3 Kf6 56. Ke4 1-0

[Event "Austria Championship Blitz 2024"]
[Site "Innsbruck"]
[Date "2024.06.01"]
[Round "7.21"]
[White "Keferboeck, Jewgeni"]
[Black "Stadlinger, Lea"]
[Result "1-0"]
[ECO "C88"]
[WhiteElo "1957"]
[BlackElo "1912"]
[Annotator "RC"]
[PlyCount "101"]
[EventDate "2024.06.01"]
[EventType "swiss"]
[EventCountry "AUT"]
[SourceTitle "playchess.com"]
[Source "ChessBase"]
[SourceQuality "1"]
[TimeControl "180+2"]

1. e4 e5 2. Nf3 Nc6 3. Bb5 a6 4. Ba4 Nf6 5. O-O Be7 6. Re1 b5 7. Bb3 O-O 8. h3 d5 9. exd5 Nxd5 10. Nxe5 Nxe5 11. Rxe5 c6 12. d4 Bd6 13. Re1 Qh4 14. Qf3 Be6 15. Be3 Rae8 16. Nc3 Nxe3 17. Rxe3 g5 18. Bxe6 fxe6 19. Qe2 h5 20. Ne4 Bf4 21. g3 Qxh3 22. gxf4 Qh4 23. fxg5 Rf4 24. Re1 Rg4+ 25. Ng3 Qxg5 26. Rxe6 Rf8 27. Re3 h4 28. Kh2 hxg3+ 29. fxg3 Qh6+ 30. Kg2 Qg6 31. Rf3 Rxf3 32. Qxf3 Rxd4 33. Re2 Rg4 34. Rf2 Kh7 35. Qf7+ Kh6 36. Qxg6+ Rxg6 37. Rf5 Rd6 38. Rc5 a5 39. Kf3 Kg6 40. Ke4 Re6+ 41. Kf4 Rf6+ 42. Ke5 Rf5+ 43. Kd6 Rf6+ 44. Kc7 Rf3 45. Kxc6 Kf7 46. Kxb5 Rxg3 47. Kxa5 Rg2 48. a4 Ke6 49. b4 Kd6 50. Kb6 Rg4 51. c3 1-0

[Event "Austria Championship Blitz 2024"]
[Site "Innsbruck"]
[Date "2024.06.01"]
[Round "7.22"]
[White "Guba, Viktor"]
[Black "Erhard, Jakob"]
[Result "1-0"]
[ECO "B10"]
[WhiteElo "1891"]
[BlackElo "2057"]
[Annotator "RC"]
[PlyCount "113"]
[EventDate "2024.06.01"]
[EventType "swiss"]
[EventCountry "AUT"]
[SourceTitle "playchess.com"]
[Source "ChessBase"]
[SourceQuality "1"]
[TimeControl "180+2"]

1. e4 c6 2. Nf3 d5 3. exd5 cxd5 4. Ne5 Nc6 5. d4 Nf6 6. Bb5 Bd7 7. Nxd7 Qxd7 8. c3 e6 9. O-O Bd6 10. f4 O-O 11. Nd2 a6 12. Bd3 b5 13. Nf3 Ne4 14. Ne5 Qc7 15. Bxe4 dxe4 16. Qe2 f5 17. Be3 Rfc8 18. Rac1 Ne7 19. b3 Nd5 20. c4 bxc4 21. bxc4 Nb4 22. a3 Bxe5 23. axb4 Bf6 24. b5 Rd8 25. Rfd1 Rd7 26. c5 axb5 27. Qxb5 Rad8 28. Qc4 Rd5 29. Ra1 h6 30. Ra6 Kf7 31. Qa4 R8d7 32. c6 Re7 33. Bc1 Kg6 34. g3 Re8 35. Ra7 Qc8 36. c7 Re7 37. Qc4 Red7 38. Be3 e5 39. fxe5 Bxe5 40. Rc1 Bxd4 41. Bxd4 Rxd4 42. Qe6+ Kg5 43. h4+ Kg4 44. Qg6+ Kh3 45. Qxf5+ Kxg3 46. Qf2+ Kg4 47. Qg2+ Kxh4 48. Qf2+ Kg4 49. Qe2+ Kg5 50. Rc5+ R7d5 51. Rxd5+ Rxd5 52. Qe3+ Kg6 53. Qxe4+ Rf5 54. Ra5 Kf6 55. Qxf5+ Qxf5 56. Rxf5+ Kxf5 57. c8=Q+ 1-0